AoeStats
← Milos_kbg

Arabia

503983516Analyzed
1v1 RM · 1mo ago on Sep 3, 2026· 44m 38s· 2 players
Game mode
Random Map
Map size
Tiny (2 player)
Population
200
Speed
Normal
Resources
Standard
Victory
Conquest
Starting age
Dark Age
Ending age
Imperial Age
RankedLock teamsTeams togetherTeam positionsShared explorationLock speedFull tech treeHidden civsTurbo modeCheats
Victory
Defeat
🇮🇳 Portuguese · India
791
+14
🇪🇸 Muisca · Spain
747
-14
Milos_kbg
9:51 Loom
12:12 Feudal Age
13:43 Champi Runner
16:01 Forging
17:27 Scale Mail Armor
18:03 Town Watch
21:37 Castle Age
22:34 Double-Bit Axe
23:26 Pikeman
27:03 Horse Collar
27:38 Bow Saw
27:52 Fervor
33:54 Imperial Age
明空
11:21 Feudal Age
11:56 Double-Bit Axe
11:54 Horse Collar
14:40 Loom
15:57 Forging
21:34 Castle Age
20:37 Gold Mining
21:08 Stone Mining
22:19 Bloodlines
22:46 Bow Saw
22:40 Heavy Plow
23:20 Stone Shaft Mining
24:52 Crossbowman
26:08 Light Cavalry
29:17 Fletching
29:28 Padded Archer Armor
30:05 Iron Casting
29:36 Scale Barding Armor
32:53 Wheelbarrow
33:26 Chain Barding Armor
33:02 Bodkin Arrow
35:22 Ballistics
Connection lost

Rejoining the realm…

Still unreachable

The connection could not be restored.

Session expired

The server has moved on; the page needs a fresh start.